 Dungeon Crawl Stone Soup version 0.25.1-2-g60ff931df9 (webtiles) character file.

Game seed: 11405038487830844947

264 Delamore the Shield-Bearer (level 6, 0/40 HPs)
             Began as a Gargoyle Fighter on Sept 3, 2020.
             Killed by divine providence
             ... invoked by an orc priest
              (11 damage)
             ... on level 3 of the Dungeon.
             The game lasted 00:02:15 (2587 turns).

Delamore the Shield-Bearer (Gargoyle Fighter)       Turns: 2587, Time: 00:02:16

Health: 0/40       AC: 13    Str: 22    XL:     6   Next: 19%
Magic:  6/6        EV:  5    Int:  8    God:
Gold:   198        SH: 10    Dex:  9    Spells: 5/5 levels left

rFire    . . .     SeeInvis +   a - +0 flail
rCold    . . .     Gourm    .   c - +0 kite shield
rNeg     + . .     Faith    .   r - +0 chain mail
rPois    ∞         Spirit   .   (no helmet)
rElec    +         Reflect  .   (no cloak)
rCorr    .         Harm     .   (no gloves)
MR       .....                  (no boots)
Stlth    ..........             (no amulet)
HPRegen  0.13/turn              k - ring of see invisible
MPRegen  0.10/turn              (no ring)

@: no status effects
A: negative energy resistance 1, electricity resistance, unbreathing,
petrification resistance, rot immunity, AC +4
a: no special abilities


You were on level 3 of the Dungeon.
You were not hungry.

You visited 1 branch of the dungeon, and saw 3 of its levels.

You collected 198 gold pieces.

Inventory:

Hand Weapons
 a - a +0 flail (weapon)
Missiles
 g - 5 javelins
 o - 4 silver javelins (quivered)
Armour
 b - a +0 scale mail
 c - a +0 kite shield (worn)
 r - a +0 chain mail (worn)
Jewellery
 k - a ring of see invisible (left hand)
Scrolls
 h - 4 scrolls of teleportation {unknown}
 i - 4 scrolls of identify {unknown}
 j - a scroll of enchant armour {unknown}
 l - 2 scrolls of remove curse {unknown}
 n - a scroll of magic mapping {unknown}
Potions
 d - a potion of might
 e - 2 potions of curing {unknown}
 m - 2 potions of flight {unknown}
 q - a potion of magic {unknown}
 s - a potion of ambrosia {unknown}
 t - 2 potions of resistance {unknown}
Comestibles
 f - 8 rations


   Skills:
 - Level 5.0 Fighting
 + Level 4.0 Maces & Flails
 - Level 3.2 Armour
 - Level 5.0 Shields


You had 5 spell levels left.
You didn't know any spells.
Your spell library was empty.

Dungeon Overview and Level Annotations

Branches:
Dungeon (3/15)

Altars:
Elyvilon
Makhleb
Vehumet
Beogh

Annotations:
D:3 3 runed translucent doors, Curus's ghost, amateur HOMo


Innate Abilities, Weirdness & Mutations

You are resistant to torment.
Your stone body is resilient. (AC +4)
You are immune to poison.
You resist negative energy. (rN+)
You are resistant to electric shocks. (rElec)
You can survive without breathing.
You are immune to petrification.
You are immune to rotting.


Message History

Your shield and chain mail prevent you from hitting the orc priest.
The orc priest is heavily wounded.
The orc priest closely misses you.
You barely miss the orc priest.
The orc priest is heavily wounded.
The orc priest hits you but does no damage.
You hit the orc priest but do no damage.
The orc priest is heavily wounded.
You block the orc priest's attack.
You barely miss the orc priest.
The orc priest is heavily wounded.
The orc priest begins to cast a cantrip, but forgets the words!
You sock the orc priest!
The orc priest is almost dead.
The orc priest invokes the aid of Beogh against you.
Beogh smites you!
* * * LOW HITPOINT WARNING * * *
The orc priest mumbles some strange prayers to Beogh against you.
Beogh smites you!
You die...

#### #.# ...#
#.##### ##.#.#
#.....# ...#.#
#####.# ..##.# #.#
.)##.# #.# ..##.#
#.# ..##.#
########## #.#
.###.# .....Ko@.#
#.#
.###.############.#
#.# ........# #.#
#.#
####.#.##########.#
#.#
.....#..........#.#
#.#
....##########.##.#
#.#
............##.##)#
#.#
....###......#.##.#
#.# ....#
#......#.##.# #.#


You could see an orc priest and a kobold.

Vanquished Creatures
  A crimson imp (D:2)
  An orc priest (D:3)
  An iron imp (D:2)
  A gnoll (D:1)
  7 adders
  3 oozes
  2 worms (D:3)
  4 dart slugs
  2 leopard geckos
  5 orcs (D:3)
  A ball python (D:2)
  2 giant cockroaches (D:2)
  7 goblins
  8 hobgoblins
  2 jackals (D:3)
  A quokka (D:3)
  8 bats
  2 frilled lizards
  8 kobolds
  5 rats
71 creatures vanquished.

Vanquished Creatures (others)
  A quokka (D:2)
1 creature vanquished.

Grand Total: 72 creatures vanquished

Notes
Turn   | Place    | Note
-------+----------+-------------------------------------------
     0 | D:1      | Delamore the Gargoyle Fighter began the quest for the Orb.
     0 | D:1      | Reached XP level 1. HP: 14/14 MP: 1/1
    92 | D:1      | Reached XP level 2. HP: 19/19 MP: 2/2
   245 | D:1      | Reached XP level 3. HP: 22/24 MP: 3/3
   694 | D:2      | Found a radiant altar of Vehumet.
   721 | D:2      | Reached XP level 4. HP: 25/29 MP: 4/4
   921 | D:2      | Reached XP level 5. HP: 30/34 MP: 5/5
   977 | D:2      | Found a burning altar of Makhleb.
  1012 | D:2      | Found a white marble altar of Elyvilon.
  2261 | D:3      | Reached XP level 6. HP: 39/40 MP: 6/6
  2355 | D:3      | Found a runed translucent gate.
  2355 | D:3      | Noticed Curus's ghost (amateur HOMo)
  2356 | D:3      | Found a runed translucent gate.
  2357 | D:3      | Found a runed translucent gate.
  2364 | D:3      | Found a roughly hewn altar of Beogh.
  2573 | D:3      | Reached skill level 5 in Fighting
  2573 | D:3      | Reached skill level 5 in Shields
  2587 | D:3      | Killed from afar by an orc priest

Illustrated notes

Levels and vault maps discovered:
D:1:      sevenhm_arrival_forest_fort_small_3, layout_basic
D:2:      layout_loops_ring, fiery_altar_vehumet, makhleb_grotto_becter,
          first_ration, elyvilon_altar_4
D:3:      minmay_chambers_of_twos, layout_basic,
          chequers_ecumenical_altar_simple_redux, biasface_ghost_orc_armoury,
          uniq_natasha

Skill      XL: |  1  2  3  4  5  6 |
---------------+-------------------+-----
Fighting       | 4 5 |  5.0
Shields        | 4 5 |  5.0
Maces & Flails | 3 4 |  4.0
Armour         | |  3.2

Action                   |  1- 3 |  4- 6 || total
-------------------------+-------+-------++-------
Melee: Flail             |    64 |   268 ||   332
  Eat: Chunk             |       |     6 ||     6
Armor: Scale mail        |    28 |   170 ||   198
       Chain mail        |       |    56 ||    56
Dodge: Dodged            |    20 |    97 ||   117
Block: Kite shield       |    31 |   206 ||   237
